 Dungeon Crawl Stone Soup version 0.29-a0-885-gb26ba3297d (webtiles) character file.

Game seed: 16428020389842323172

3 LynnLen the Sneak (level 1, 0/10 HPs)
             Began as a Vampire Enchanter on July 21, 2022.
             Slain by a ball python (1 damage)
             ... on level 1 of the Dungeon.
             The game lasted 00:00:37 (61 turns).

LynnLen the Sneak (Vampire Enchanter)                 Turns: 61, Time: 00:00:37

Health: 0/10       AC:  2    Str:  7    XL:     1   Next: 41%
Magic:  3/3        EV: 12    Int: 17    God:
Gold:   0          SH:  0    Dex: 14    Spells: 4/4 levels left

rFire   . . .      SeeInvis +   a - +1 dagger
rCold   + + .      Faith    .   (no shield)
rNeg    + + +      Spirit   .   b - +0 robe
rPois   ∞          Reflect  .   (no helmet)
rElec   .          Harm     .   (no cloak)
rCorr   .          Rampage  .   (no gloves)
Will    .....                   (no boots)
Stlth   +++++.....              (no amulet)
HPRegen 0.00/turn               (no ring)
MPRegen 0.08/turn               (no ring)

@: bloodless, inhibited regen, invisible
A: bloodless, fangs 3, see invisible, vampiric 1
a: Revivify


You were on level 1 of the Dungeon.
You visited 1 branch of the dungeon, and saw 1 of its levels.

Inventory:

Hand Weapons
 a - a +1 dagger (weapon)
Armour
 b - a +0 robe (worn)
Potions
 c - a potion of invisibility


   Skills:
 * Level 0.2 Fighting
 * Level 1.2 Short Blades
 + Level 2.2 Dodging
 + Level 4.5 Stealth
 - Level 2.0 Spellcasting
 - Level 4.4 Hexes


You had 4 spell levels left.
You didn't know any spells.
Your spell library contained the following spells:

 Spells                   Type           Power      Damage    Failure   Level
 Confusing Touch          Hex            16%        N/A       10%         3
 Tukima's Dance           Hex            16%        N/A       10%         3
 Ensorcelled Hibernation  Hex/Ice        18%        N/A       12%         2
 Dazzling Flash           Conj/Hex       18%        N/A       24%         3


Dungeon Overview and Level Annotations

Branches:
Dungeon (1/15)

Altars:


Innate Abilities, Weirdness & Mutations

You do not regenerate when monsters are visible.
You are frail without blood (-20% HP).
You can heal yourself when you bite living creatures.
You are immune to poison.
You have razor-sharp teeth.
You have supernaturally acute eyesight. (SInv)
You are afflicted with vampirism.


Message History

The ball python barely misses you. The bat barely misses you.
You barely miss the ball python. The bat hits you but does no damage.
The ball python barely misses you. The ball python closely misses you.
The ball python bites you. The ball python closely misses you.
The bat closely misses you.
You see here an orb of energy.
The ball python attacks as you move away!
The ball python closely misses you. The ball python barely misses you.
The bat barely misses you. The bat misses you.
The ball python attacks as you move away!
The ball python barely misses you. The bat hits you but does no damage.
The bat hits you. The bat attacks as you move away! The bat barely misses you.
The bat hits you but does no damage. The bat hits you.
The bat closely misses you. The bat misses you.
The bat hits you but does no damage. The bat attacks as you move away!
The bat hits you but does no damage. The bat misses you.
The bat completely misses you.
You fade into invisibility!
The bat closely misses you. The bat hits you.
The ball python closely misses you.
You hit the bat but do no damage. The bat closely misses you.
The bat barely misses you. x2; The ball python barely misses you.
You miss the bat. The bat hits you but does no damage. The bat hits you.
* * * LOW HITPOINT WARNING * * *
The bat hits you but does no damage.
You hit the frilled lizard.
You kill the frilled lizard!
The bat hits you.
* * * LOW HITPOINT WARNING * * *
The bat closely misses you.
You hit the bat. Your bite misses the bat.
The bat is moderately wounded.
The bat barely misses you. x2; The ball python barely misses you. x2
You hit the ball python.
The ball python is moderately wounded.
The bat hits you.
* * * LOW HITPOINT WARNING * * *
The ball python bites you.
You die...

####### #. .......######### #.
#.).......# ##. ## ##.######.#
# ###..###.###..###.l..#
..#.....#..##.SS..#[..#..#
.......#..##.b@b....#.......
####......#....#####...........
...####.....#### ####........
......###'### ###......
.<......'.+ ...... ......###+#
....# ...#### ####


You could see 2 bats and 2 ball pythons.

Vanquished Creatures
  An endoplasm (D:1)
  A kobold (D:1)
  A frilled lizard (D:1)
3 creatures vanquished.

Notes
Turn   | Place    | Note
-------+----------+-------------------------------------------
     0 | D:1      | LynnLen the Vampire Enchanter began the quest for the Orb.
     0 | D:1      | Reached XP level 1. HP: 13/13 MP: 3/3
    61 | D:1      | Slain by a ball python

Illustrated notes

Levels and vault maps discovered:
D:1:      elethiomel_arrival_infinity_welcomes_careful_drivers, layout_basic,
          serial_aquarium, aquarium_bridge_straight [aquarium_subvault_bridge,
          aquarium_subvault_wall, aquarium_subvault_bridge,
          aquarium_subvault_wall], aquarium_window_corner, aquarium_window_fake,
          aquarium_view_2b, aquarium_view_2c, aquarium_balcony_3b,
          chequers_ecumenical_altar_twisty

Action                   || total
-------------------------++-------
Melee: Dagger            ||    10
 Abil: Exsanguinate      ||     1
  Use: Potion            ||     1
 Stab: Sleeping          ||     1
Armor: Robe              ||     7
Dodge: Dodged            ||    29

Table legend: (Time is in decaauts)
 A = Elapsed time spent in this place.
 B = Non-inter-level travel time spent in this place.
 C = Inter-level travel time spent in this place.
 D = Time resting spent in this place.
 E = Time spent auto-exploring this place.
 F = Levels seen in this place.
 G = Mean time per level.
                   A        B        C        D        E       F      G
               +--------+--------+--------+--------+--------+-----+--------+
         Total |     60 |     60 |      0 |      0 |     15 |   1 |   60.0 |
       Dungeon |     60 |     60 |      0 |      0 |     15 |   1 |   60.0 |
               +--------+--------+--------+--------+--------+-----+--------+

Top non-repeatable levels by time:
     D:1: 60 daAuts
